 Dungeon Crawl Stone Soup version 0.25.1-2-g60ff931df9 (webtiles) character file.

Game seed: 17027113888019970115

335 gruber the Chiller (level 6, -6/45 HPs)
             Began as a Draconian Ice Elementalist on Nov 10, 2020.
             Mangled by a nameless horror (12 damage)
             ... created by miscasting Summon Ice Beast
             ... in an ossuary.
             The game lasted 00:04:51 (3915 turns).

gruber the Chiller (Draconian Ice Elementalist)     Turns: 3915, Time: 00:04:52

Health: -6/45      AC:  7    Str: 10    XL:     6   Next: 28%
Magic:  0/12       EV: 12    Int: 17    God:
Gold:   162        SH:  0    Dex: 12    Spells: 1/13 levels left

rFire    . . .     SeeInvis .   k - +0 spear (curse)
rCold    . . .     Gourm    .   (no shield)
rNeg     + . .     Faith    .   (armour unavailable)
rPois    .         Spirit   .   (helmet restricted)
rElec    .         Reflect  .   f - +0 cloak
rCorr    .         Harm     .   (no gloves)
MR       .....                  (no boots)
Stlth    ++........             (no amulet)
HPRegen  0.15/turn              l - ring of positive energy
MPRegen  0.13/turn              (no ring)

@: very slightly contaminated
A: unfitting armour, cold-blooded, AC +6
a: no special abilities


You were in an ossuary.
You were hungry.

You visited 1 branch of the dungeon, and saw 4 of its levels.
You also visited: Ossuary.

You collected 162 gold pieces.

Inventory:

Hand Weapons
 k - a cursed +0 spear (weapon)
Armour
 f - a +0 cloak (worn)
Jewellery
 l - a ring of positive energy (left hand)
Scrolls
 a - 2 scrolls of enchant weapon {unknown}
 c - 3 scrolls of magic mapping {unknown}
 d - 3 scrolls of identify {unknown}
 e - a scroll of random uselessness {unknown}
 g - a scroll of teleportation {unknown}
 j - a scroll of immolation {unknown}
Potions
 h - a potion of curing {unknown}
 i - a potion of invisibility {unknown}
Comestibles
 b - 7 rations
 m - a chunk of flesh


   Skills:
 - Level 1.7 Dodging
 - Level 1.7 Stealth
 - Level 4.1 Spellcasting
 - Level 6.4 Ice Magic


You had one spell level left.
You knew the following spells:

 Your Spells              Type           Power        Failure   Level  Hunger
a - Freeze                Ice            ####         1%          1    None
b - Frozen Ramparts       Ice            ####..       3%          3    ###....
c - Hailstorm             Conj/Ice       ##......     38%         4    ####...
d - Summon Ice Beast      Ice/Summ       ##......     38%         4    ####...

Your spell library contained the following spells:

 Spells                   Type           Power        Failure   Level  Hunger
 Ozocubu's Armour         Chrm/Ice       ##......     12%         3    ###....


Dungeon Overview and Level Annotations

Branches:
Dungeon (4/15)            Ossuary (1/1)
 Temple: D:4-7

Altars:
Zin


Innate Abilities, Weirdness & Mutations

Your plain brown scales are hard. (AC +6)
You cannot fit into any form of body armour.
You are cold-blooded and may be slowed by cold attacks.


Message History

* * * LOW HITPOINT WARNING * * *
Unknown command.
Unknown command.
You hit the nameless horror but do no damage.
The nameless horror is lightly damaged.
The nameless horror hits you.
* * * LOW HITPOINT WARNING * * *
You feel your power leaking away.
The kobold zombie hits you but does no damage.
Unknown command.
Unknown command.
You hit the nameless horror but do no damage.
The nameless horror is lightly damaged.
The nameless horror misses you.
Unknown command.
Unknown command.
You hit the nameless horror.
The nameless horror is lightly damaged.
The nameless horror hits you!
You die...

#....#
#....#
#....#
#....#
#....#
#....#
#....#
#..M.#
#.ZX@#
######


You could see a nameless horror, a mummy and a kobold zombie.

Vanquished Creatures
  A bullfrog (D:2)
  2 orc priests (D:3)
  6 gnolls (D:2)
  4 adders
  An ooze (D:1)
  6 worms
  3 dart slugs
  3 leopard geckos
  3 orcs (D:3)
  11 bats
  5 giant cockroaches
  4 goblins
  8 hobgoblins
  8 jackals (D:1)
  3 ball pythons
  8 frilled lizards
  A hobgoblin zombie (Ossuary)
  A jackal skeleton (D:4)
  6 kobolds
  5 kobold zombies (Ossuary)
  A quokka skeleton (D:4)
  7 rats
97 creatures vanquished.

Notes
Turn   | Place    | Note
-------+----------+-------------------------------------------
     0 | D:1      | gruber the Draconian Ice Elementalist began the quest for
                  | the Orb.
     0 | D:1      | Reached XP level 1. HP: 14/14 MP: 3/3
   339 | D:1      | Reached XP level 2. HP: 16/20 MP: 1/5
   721 | D:1      | Reached XP level 3. HP: 7/26 MP: 2/6
  1177 | D:1      | Reached skill level 5 in Ice Magic
  1728 | D:1      | Learned a level 3 spell: Frozen Ramparts
  1798 | D:2      | Reached XP level 4. HP: 33/33 MP: 3/7
  1951 | D:2      | Noticed a bullfrog
  1964 | D:2      | Killed a bullfrog
  1964 | D:2      | Reached XP level 5. HP: 38/38 MP: 4/9
  2364 | D:2      | Reached skill level 6 in Ice Magic
  3355 | D:3      | Reached XP level 6. HP: 26/45 MP: 4/11
  3703 | D:3      | Found a glowing silver altar of Zin.
  3765 | D:4      | Learned a level 4 spell: Hailstorm
  3770 | D:4      | Learned a level 4 spell: Summon Ice Beast
  3794 | D:4      | Found a sand-covered staircase.
  3800 | Ossuary  | Entered an ossuary
  3907 | Ossuary  | Noticed a nameless horror
  3915 | Ossuary  | Mangled by a nameless horror

Illustrated notes

Levels and vault maps discovered:
D:1:      dpeg_cavernosity, layout_basic, minmay_cut_off
D:2:      layout_basic, st_stairs_10
D:3:      layout_basic, zin_academy, minmay_splitting_lines, item_on_display_b
D:4:      layout_rooms, makhleb_altar_promises_db, serial_shops,
          kennysheep_mini, nicolae_ossuary_entry_plus, uniq_sigmund
Ossuary:  ossuary_tomb_3

Skill      XL: |  1  2  3  4  5  6 |
---------------+-------------------+-----
Ice Magic      | 5 6 |  6.4
Spellcasting   | 3 4 |  4.1
Dodging        | |  1.7
Stealth        | |  1.7

Action                   |  1- 3 |  4- 6 || total
-------------------------+-------+-------++-------
Melee: Unarmed           |    56 |       ||    56
       Tailslap          |    15 |    14 ||    29
       Spear             |    81 |   147 ||   228
 Cast: Freeze            |    13 |     2 ||    15
       Frozen Ramparts   |     1 |    20 ||    21
       Summon Ice Beast  |       |     1 ||     1
 Stab: Sleeping          |     3 |     4 ||     7
  Eat: Chunk             |     3 |     9 ||    12
Armor: Skin              |    55 |    37 ||    92
Dodge: Dodged            |   115 |    74 ||   189
